AoeStats
← Peyotl

Nomad

510775813Analyzed
3v3 RM · 14d ago on Oct 2, 2026· 91m 39s· 6 players
Game mode
Random Map
Map size
210×210
Population
200
Speed
Normal
Resources
Standard
Victory
Conquest
Starting age
Dark Age
Ending age
Imperial Age
RankedLock teamsTeams togetherTeam positionsShared explorationLock speedFull tech treeHidden civsTurbo modeCheats
Victory
Defeat
🇨🇳 Shu · China
760
+26
🇲🇽 Huns · Mexico
751
+16
🇯🇵 Malians · Japan
701
+18
vs
🇵🇰 Vietnamese · Pakistan
803
-18
🇮🇳 Magyars · India
784
-18
🇦🇷 Italians · Argentina
683
-14
Peyotl
5:59 Loom
20:57 Feudal Age
22:15 Wheelbarrow
21:23 Horse Collar
21:33 Double-Bit Axe
21:50 Gold Mining
21:54 Stone Mining
23:45 Bloodlines
25:17 Forging
25:38 Arson
26:09 Scale Barding Armor
26:58 Scale Mail Armor
28:13 Padded Archer Armor
29:23 Fletching
32:16 Castle Age
33:11 Man-at-Arms
33:56 Heavy Plow
34:13 Hand Cart
34:11 Bow Saw
34:39 Gold Shaft Mining
33:28 Light Cavalry
34:15 Husbandry
34:40 Chain Barding Armor
35:35 Iron Casting
34:43 Pikeman
35:24 Squires
35:28 Elite Skirmisher
36:58 Chain Mail Armor
36:13 Long Swordsman
37:17 Bodkin Arrow
39:00 Leather Archer Armor
41:20 Coinage
41:10 Marauders
44:01 Murder Holes
46:50 Imperial Age
46:06 Masonry
49:03 Chemistry
48:33 Conscription
47:36 Halberdier
47:40 Capped Ram
50:05 Two-Man Saw
48:34 Elite Tarkan
48:36 Hussar
50:32 Ballistics
51:14 Blast Furnace
50:25 Siege Ram
53:06 Banking
53:13 Plate Barding Armor
55:12 Bracer
55:55 Guilds
64:41 Heavy Cavalry Archer
70:13 Parthian Tactics
Loopia
14:21 Loom
17:37 Feudal Age
19:05 Wheelbarrow
18:17 Town Watch
18:16 Horse Collar
18:27 Double-Bit Axe
22:06 Castle Age
20:28 Gold Mining
21:13 Fletching
21:56 Bloodlines
23:16 Bodkin Arrow
24:10 Crossbowman
25:28 Light Cavalry
28:01 Bow Saw
29:33 Heavy Plow
32:27 Forging
33:04 Thumb Ring
33:28 Hand Cart
35:49 Pikeman
40:32 Scale Barding Armor
48:02 Squires
53:29 Imperial Age
52:24 Iron Casting
53:09 Tigui
53:20 Scale Mail Armor
53:21 Padded Archer Armor
54:55 Conscription
69:49 Stone Mining
76:32 Chain Mail Armor
77:48 Chemistry
77:48 Crop Rotation
77:37 Caravan
78:39 Gold Shaft Mining
78:52 Elite Gbeto
81:23 Plate Mail Armor
82:09 Ballistics
82:01 Fortified Wall
82:41 Husbandry
84:01 Heavy Camel Rider
85:21 Chain Barding Armor
89:34 Leather Archer Armor
91:09 Ring Archer Armor
92:09 Plate Barding Armor
帝国的铁骑
18:11 Feudal Age
18:39 Man-at-Arms
25:31 Wheelbarrow
51:54 Double-Bit Axe
52:03 Gold Mining
52:04 Stone Mining
52:59 Town Watch
55:09 Fishing Lines
65:23 Castle Age
71:53 Imperial Age
71:19 Scale Mail Armor
71:29 Forging
72:03 Elite White Feather Guard
72:47 Coiled Serpent Array
73:08 Conscription
73:11 Chain Mail Armor
73:16 Hand Cart
73:01 Town Patrol
72:49 Loom
74:36 Squires
74:24 Gambesons
73:59 Pikeman
76:04 Plate Mail Armor
76:24 Caravan
76:37 Guilds
76:14 Capped Ram
81:29 Halberdier
81:56 Arson
84:07 Siege Ram
91:55 Bolt Magazine
favrizio92
8:42 Loom
21:15 Feudal Age
22:52 Double-Bit Axe
25:30 Wheelbarrow
25:24 Horse Collar
27:43 Fletching
29:56 Castle Age
29:01 Scale Barding Armor
29:09 Forging
30:40 Bloodlines
31:17 Pikeman
32:36 Squires
33:39 Bow Saw
34:44 Town Watch
35:58 Husbandry
38:27 Heavy Plow
38:20 Light Cavalry
40:02 Hand Cart
41:50 Sanctity
41:41 Fervor
51:46 Arson
55:35 Imperial Age
54:08 Bodkin Arrow
54:14 Padded Archer Armor
55:30 Silk Road
55:12 Scale Mail Armor
55:49 Iron Casting
55:36 Chain Barding Armor
55:18 Murder Holes
55:44 Ballistics
55:00 Elite Skirmisher
56:02 Thumb Ring
58:14 Chemistry
58:30 Cavalier
60:04 Pirotechnia
60:14 Conscription
59:15 Elite Genoese Crossbowman
60:38 Masonry
60:49 Bombard Tower
61:01 Crop Rotation
61:42 Leather Archer Armor
61:28 Bracer
61:45 Chain Mail Armor
62:02 Illumination
61:52 Block Printing
67:29 Fishing Lines
75:09 Two-Man Saw
Juicee
6:33 Loom
19:05 Feudal Age
19:54 Double-Bit Axe
20:30 Horse Collar
21:07 Fletching
21:18 Padded Archer Armor
21:49 Gold Mining
29:57 Castle Age
28:33 Wheelbarrow
27:44 Town Watch
30:54 Thumb Ring
30:10 Crossbowman
31:41 Bodkin Arrow
33:55 Hand Cart
34:02 Husbandry
34:27 Stone Mining
35:05 Forging
35:09 Heavy Plow
38:21 Town Patrol
39:03 Stone Shaft Mining
38:44 Bow Saw
43:16 Leather Archer Armor
44:51 Ballistics
44:27 Murder Holes
44:43 Masonry
44:14 Treadmill Crane
46:39 Bloodlines
46:40 Chatras
49:14 Iron Casting
48:45 Scale Barding Armor
53:33 Chain Barding Armor
58:51 Imperial Age
65:49 Crop Rotation
69:14 Squires
68:35 Pikeman
69:02 Arson
73:12 Scale Mail Armor
73:15 Bracer
76:27 Chain Mail Armor
78:01 Halberdier
80:09 Plate Mail Armor
82:44 Elite Fire Lancer
89:43 Two-Man Saw
89:36 Paper Money
Bhramos
11:23 Loom
14:16 Feudal Age
20:40 Double-Bit Axe
20:37 Horse Collar
21:40 Bloodlines
29:54 Castle Age
29:52 Scale Barding Armor
31:46 Chain Barding Armor
34:02 Husbandry
34:24 Bow Saw
50:06 Gold Mining
50:07 Stone Mining
49:51 Light Cavalry
57:51 Pikeman
61:22 Corvinian Army
66:29 Imperial Age
66:43 Fletching
80:54 Elite Magyar Huszar
85:27 Plate Barding Armor
87:02 Heavy Plow
87:14 Halberdier
88:00 Scale Mail Armor
Connection lost

Rejoining the realm…

Still unreachable

The connection could not be restored.

Session expired

The server has moved on; the page needs a fresh start.